 Dungeon Crawl Stone Soup version 0.21-a0-509-gecc5317 (webtiles) character file.

959 Gildeon the Magician (level 7, -2/50 HPs)
             Began as a Demigod Conjurer on Nov 30, 2017.
             Slain by Edmund
             ... wielding a +3 flail of protection
              (11 damage)
             ... on level 5 of the Dungeon.
             The game lasted 00:43:35 (5431 turns).

Gildeon the Magician (Demigod Conjurer)             Turns: 5431, Time: 00:43:36

Health: -2/50      AC:  4    Str: 13    XL:     7   Next: 60%
Magic:  0/27       EV: 17    Int: 21    God:
Gold:   231        SH:  0    Dex: 23    Spells: 2/16 levels left

rFire    + . .     SeeInvis .   r - +1 dagger (freeze)
rCold    . . .     Gourm    .   (no shield)
rNeg     + . .     Faith    .   e - +1 leather armour
rPois    .         Spirit   +   (helmet restricted)
rElec    .         Reflect  .   (no cloak)
rCorr    .         Harm     .   (no gloves)
MR       .....                  (no boots)
Stlth    +++.......             q - amulet of guardian spirit
HPRegen  0.16/turn              k - ring of magical power
MPRegen  0.20/turn              m - ring of positive energy

@: agile
A: antennae 1, fire resistance 1, high mp 1, strong 1
a: no special abilities


You were on level 5 of the Dungeon.
You were not hungry.

You visited 1 branch of the dungeon, and saw 5 of its levels.

You collected 231 gold pieces.

Inventory:

Hand Weapons
 r - a +1 dagger of freezing (weapon)
Armour
 e - a +1 leather armour (worn)
Jewellery
 k - a ring of magical power (left hand)
 m - a ring of positive energy (right hand)
 q - an amulet of guardian spirit (around neck)
Wands
 c - a wand of flame (27)
Scrolls
 d - 2 scrolls of teleportation
 p - 2 scrolls of remove curse
Potions
 h - a potion of agility
 n - 2 potions of mutation {unknown}
 o - 2 potions of ambrosia {unknown}
Books
 b - a book of Conjurations

   Spells                             Type                      Level
   a - Magic Dart                     Conjuration                  1
   b - Searing Ray                    Conjuration                  2
   c - Dazzling Spray                 Conjuration/Hexes            3
   d - Fulminant Prism                Conjuration/Hexes            4
   e - Force Lance                    Conjuration/Translocation    4
   f - Iskenderun's Mystic Blast      Conjuration                  4
Comestibles
 g - 7 meat rations
 i - a bread ration


   Skills:
 - Level 1.7 Dodging
 - Level 1.7 Stealth
 - Level 5.2 Spellcasting
 - Level 5.0 Conjurations
 - Level 5.0 Hexes
 + Level 0.1 Translocations


You had 2 spell levels left.
You knew the following spells:

 Your Spells              Type           Power        Failure   Level  Hunger
a - Magic Dart            Conj           ####         1%          1    None
b - Searing Ray           Conj           ####..       2%          2    None
c - Dazzling Spray        Conj/Hex       ####..       4%          3    ##.....
d - Iskenderun's Mystic   Conj           ####....     17%         4    ####...
e - Force Lance           Conj/Tloc      ###.....     43%         4    ####...


Dungeon Overview and Level Annotations

Branches:
Dungeon (5/15)
 Temple: D:4-7

Shops:
D:3 *

Annotations:
D:5 Edmund


Innate Abilities, Weirdness & Mutations

You have an increased reservoir of magic. (+10% MP)
You have a pair of small antennae on your head.
Your flesh is heat resistant. (rF+)
Your muscles are strong. (Str +2)


Message History

You hit Edmund but do no damage.
Edmund is almost dead.
You hit Edmund but do no damage.
Edmund is almost dead.
Edmund says, "I'm quite good with sums, too."
Edmund hits you with a flail of protection!
* * * LOW HITPOINT WARNING * * *
You hit Edmund but do no damage.
Edmund is almost dead.
Edmund hits you with a flail of protection.
* * * LOW HITPOINT WARNING * * *
Casting: Magic Dart
Confirm with . or Enter, or press ? or * to list all spells.
Aiming: Magic Dart
Press: ? - help, Shift-Dir - straight line, f/p - Edmund
Aim: Edmund, wielding a flail of protection and wearing a runed chain mail (almost dead)
The magic dart hits Edmund.
Edmund is almost dead.
Edmund hits you with a flail of protection!
You die...

#### ...
#######.###### #
#............#.#
###@###.####.#.###
#@# ..........
#####.#
###.#.#.###..
#.....#
#..........
#.##### #.#.#.###.
#.# #.#.# #.#
#.#.# #.# #.#.#
#.##########.#.#
#............#.#


You could see Edmund.

Vanquished Creatures
  Sigmund (D:2)
  A sky beast (D:3)
  3 ogres (D:4)
  A vampire bat (D:3)
  An iguana (D:4)
  5 orc wizards
  A worker ant (D:4)
  4 adders
  An ooze (D:2)
  A worm (D:3)
  A dart slug (D:3)
  3 fire bats (D:3)
  4 leopard geckos
  9 orcs
  2 spectral bats (D:3)
  17 bats
  3 bat skeletons (D:3)
  A bat zombie (D:3)
  6 giant cockroaches
  11 goblins
  14 hobgoblins
  6 jackals (D:4)
  A quokka (D:4)
  A bat simulacrum (D:3)
  3 frilled lizards (D:2)
  10 kobolds
  9 rats
120 creatures vanquished.

Notes
Turn   | Place    | Note
-------+----------+-------------------------------------------
     0 | D:1      | Gildeon the Demigod Conjurer began the quest for the Orb.
     0 | D:1      | Reached XP level 1. HP: 14/14 MP: 5/5
   310 | D:1      | Reached XP level 2. HP: 20/20 MP: 4/8
   429 | D:1      | Learned a level 2 spell: Searing Ray
  1152 | D:2      | Reached XP level 3. HP: 26/26 MP: 10/10
  1162 | D:2      | Learned a level 3 spell: Dazzling Spray
  1999 | D:2      | Noticed Sigmund
  2206 | D:2      | Killed Sigmund
  2206 | D:2      | Reached skill level 5 in Spellcasting
  2206 | D:2      | Reached XP level 4. HP: 8/33 MP: 14/14
  2206 | D:2      | Reached XP level 5. HP: 9/38 MP: 16/16
  2450 | D:2      | Learned a level 4 spell: Iskenderun's Mystic Blast
  2455 | D:2      | Learned a level 4 spell: Force Lance
  3195 | D:3      | Found Zin's Purification Station.
  3199 | D:3      | Found a glowing silver altar of Zin.
  3221 | D:3      | Reached XP level 6. HP: 35/45 MP: 9/17
  3354 | D:3      | Reached skill level 5 in Conjurations
  3786 | D:3      | Gained mutation: You have a pair of small antennae on your head. [mutagenic meat]
  3787 | D:3      | Gained mutation: Your muscles are strong. (Str +2) [mutagenic meat]
  3788 | D:3      | Gained mutation: Your flesh is heat resistant. (rF+) [mutagenic meat]
  4123 | D:4      | Found a stormy altar of Qazlal.
  4221 | D:4      | Reached XP level 7. HP: 21/50 MP: 8/18
  4823 | D:4      | Reached skill level 5 in Hexes
  4912 | D:4      | Found an iron altar of Okawaru.
  4912 | D:4      | Found a glowing golden altar of the Shining One.
  5281 | D:5      | Entered Level 5 of the Dungeon
  5383 | D:5      | Noticed Edmund
  5431 | D:5      | Slain by Edmund

Vault maps used:
D:1:      lightli_arrival_lavapool, minmay_box_of_dots
D:2:      first_bread, grunt_ministairs_11, uniq_sigmund
D:3:      zin_purify, goddamned_bats
D:4:      gammafunk_temple_overflow_wave, minmay_misc_feat_roman,
          grunt_qazlal_sundering
D:5:      evilmike_ruin_ashenzari, basic_altar, minivault_26,
          grunt_dithmenos_smoke_and_mirrors, uniq_edmund, uniq_pikel

Skill      XL: |  1  2  3  4  5  6  7 |
---------------+----------------------+-----
Spellcasting   | 2 3 5 |  5.2
Conjurations   | 4 5 |  5.0
Hexes          | 3 5 |  5.0
Dodging        | |  1.7
Stealth        | |  1.7
Translocations | |  0.1

Action                   |  1- 3 |  4- 6 |  7- 9 || total
-------------------------+-------+-------+-------++-------
Melee: Unarmed           |     5 |       |       ||     5
       Dagger            |       |     9 |    17 ||    26
 Cast: Magic Dart        |   116 |    99 |    52 ||   267
       Searing Ray       |     2 |     8 |     9 ||    19
       Dazzling Spray    |     1 |     2 |       ||     3
       Iskenderun's Myst |       |     1 |       ||     1
  Use: Scroll            |     8 |     2 |     1 ||    11
       Potion            |     2 |     1 |     3 ||     6
  Eat: Chunk             |     1 |     8 |       ||     9
       Bread ration      |     1 |     1 |       ||     2
Armor: Robe              |    10 |    47 |     3 ||    60
Dodge: Dodged            |    35 |    85 |    26 ||   146

Table legend:
 A = Spawn XP
 B = Non-spawn XP
 C = Spawn XP percentage of total XP
 D = Spawn monster count
 E = Non-spawn monster count
 F = Spawn count percentage of total count
 G = Total turns spent on level
                    A         B        C        D         E        F      G
               +---------+---------+-------+---------+---------+-------+---------
         Total |       0 |    1370 |   0.0 |       0 |     120 |   0.0 |  5431
               +---------+---------+-------+---------+---------+-------+---------
           D:1 |       0 |      38 |   0.0 |       0 |      22 |   0.0 |  1197
           D:2 |       0 |     312 |   0.0 |       0 |      28 |   0.0 |  1389
           D:3 |       0 |     437 |   0.0 |       0 |      48 |   0.0 |  1402
           D:4 |       0 |     583 |   0.0 |       0 |      22 |   0.0 |  1293
               +---------+---------+-------+---------+---------+-------+---------
